 Dungeon Crawl Stone Soup version 0.19.1-28-ge1247f7 (webtiles) character file.

105 Alarkh the Chopper (level 4, -3/35 HPs)
             Began as a Demonspawn Monk on Jan 21, 2017.
             Slain by a big kobold
             ... wielding a +0 short sword
              (5 damage)
             ... in a sewer.
             The game lasted 00:02:07 (1902 turns).

Alarkh the Chopper (Demonspawn Monk)                Turns: 1902, Time: 00:02:07

Health: -3/35      AC:  4    Str: 11      XL:     4   Next: 53%
Magic:  4/4        EV: 13    Int: 12 (13) God:
Gold:   11         SH:  0    Dex: 17      Spells: 0 memorised, 3 levels left

rFire  . . .     SeeInvis .     a - +0 hand axe
rCold  . . .     Gourm    .     b - +0 robe
rNeg   . . .     Faith    .     (no shield)
rPois  .         Spirit   .     (no helmet)
rElec  .         Reflect  .     l - +0 cloak
rCorr  .         Harm     .     f - +0 pair of gloves
MR     .....                    (no boots)
Stlth  ++........               (no amulet)
                                (no ring)
                                (no ring)

@: no status effects
A: claws 2, agile 1, blurry vision 1, demonic guardian 1, deterioration 1
a: no special abilities


You were in a sewer.
You were hungry.

You visited 1 branch of the dungeon, and saw 3 of its levels.
You also visited: Sewer.

You collected 11 gold pieces.

Inventory:

Hand Weapons
 a - a +0 hand axe (weapon)
Armour
 b - a +0 robe (worn)
 f - a +0 pair of gloves (worn)
 k - a +0 chain mail
 l - a +0 cloak (worn)
Jewellery
 d - a cursed ring of protection from cold {unknown}
Wands
 m - a wand of iceblast (7/15)
Scrolls
 e - 4 scrolls of enchant weapon {unknown}
 g - 2 scrolls of remove curse {unknown}
 o - a scroll of teleportation {unknown}
 p - a scroll of fear {unknown}
Comestibles
 c - 2 bread rations
 i - a beef jerky
 j - 5 chunks of flesh


   Skills:
 - Level 3.0 Fighting
 + Level 4.8 Axes
 - Level 2.6 Dodging
 - Level 1.7 Stealth


You had 3 spell levels left.
You didn't know any spells.

Dungeon Overview and Level Annotations

Branches:
Dungeon (3/15)

Altars:
Gozag


Innate Abilities, Weirdness & Mutations

You have very sharp fingernails.
A weak demonic guardian rushes to your aid.
You are agile. (Dex +2)
Scrolls take you a little longer to read.
Your body sometimes deteriorates upon taking damage.


Message History

You closely miss the big kobold.
The big kobold is almost dead.
The big kobold hits you with a short sword!
* * * LOW HITPOINT WARNING * * *
Your quasit splashes around in the water.
Your quasit barely misses the big kobold.
Your quasit claws the big kobold.
Your quasit disappears in a puff of smoke!
You see here a stone.
You enter the shallow water.
Moving in this stuff is going to be slow.
You hit the big kobold but do no damage.
The big kobold is almost dead.
The big kobold hits you with a short sword.
* * * LOW HITPOINT WARNING * * *
You aren't carrying any potions.
You hit the big kobold.
The big kobold is almost dead.
The big kobold hits you with a short sword.
You die...

#≈# #≈# #≈# #≈# #≈# #≈#
##≈#########
#######.≈≈K(().≈.#
#######...≈.≈≈≈@≈()≈≈≈.#
#≈≈≈≈≈≈≈≈≈≈≈≈≈≈≈≈≈≈≈≈≈.#
≈≈≈≈≈≈≈≈≈≈≈≈≈≈≈≈≈≈≈≈≈≈≈≈...
###≈≈≈≈≈≈≈≈≈≈≈≈≈≈≈≈≈≈≈≈≈#..
######.....≈≈≈≈≈≈≈≈≈≈.# .
###.###.≈≈....≈..# #∩#
############ ###


You could see a big kobold.

Vanquished Creatures
  A gnoll (D:3)
  An adder (D:2)
  An ooze (D:2)
  4 dart slugs
  4 leopard geckos
  7 giant cockroaches
  2 goblins (D:2)
  8 hobgoblins
  6 jackals
  4 kobolds
  5 bats
  5 frilled lizards
  7 rats
55 creatures vanquished.

Vanquished Creatures (collateral kills)
  2 gnolls (D:3)
2 creatures vanquished.

Grand Total: 57 creatures vanquished

Notes
Turn   | Place    | Note
-------+----------+-------------------------------------------
     0 | D:1      | Alarkh the Demonspawn Monk began the quest for the Orb.
     0 | D:1      | Reached XP level 1. HP: 18/18 MP: 1/1
   103 | D:1      | Reached skill level 3 in Axes
   361 | D:1      | Gained mutation: You have sharp fingernails. [demonic ancestry]
   361 | D:1      | Reached XP level 2. HP: 17/24 MP: 2/2
   919 | D:2      | Gained mutation: You have very sharp fingernails. [demonic ancestry]
   919 | D:2      | Reached XP level 3. HP: 18/29 MP: 3/3
  1138 | D:2      | Reached skill level 4 in Axes
  1613 | D:3      | Gained mutation: Your body sometimes deteriorates upon taking damage. [potion of mutation]
  1613 | D:3      | Gained mutation: You are agile. (Dex +2) [potion of mutation]
  1613 | D:3      | Gained mutation: Scrolls take you a little longer to read. [potion of mutation]
  1618 | D:3      | Gained mutation: A weak demonic guardian rushes to your aid. [demonic ancestry]
  1618 | D:3      | Reached XP level 4. HP: 15/35 MP: 4/4
  1655 | D:3      | Found an opulent altar of Gozag.
  1704 | D:3      | Found a glowing drain.
  1823 | Sewer    | Entered a sewer
  1874 | Sewer    | Noticed a big kobold
  1902 | Sewer    | Slain by a big kobold

Skill      XL: |  1  2  3 |
---------------+----------+-----
Axes           | 3 4 |  4.8
Fighting       | |  3.0
Dodging        | |  2.6
Stealth        | |  1.7

Action                   |  1- 3 |  4- 6 || total
-------------------------+-------+-------++-------
Melee: Hand axe          |   145 |    51 ||   196
  Use: Potion            |     3 |       ||     3
 Stab: Sleeping          |     6 |     2 ||     8
  Eat: Chunk             |     2 |     1 ||     3
Armor: Robe              |    34 |    15 ||    49
Dodge: Dodged            |   116 |    37 ||   153
